 Dungeon Sprint DCSS version 0.21-a0-338-g36cf2fc (webtiles) character file.

17112 Kidiri the Severer (level 12, -16/187 HPs)
             Began as a Green Draconian Berserker on Oct 3, 2017.
             Was the Champion of Trog.
             Demolished by a hell knight
             ... wielding the cursed +1 great sword of the Exiled Mice {drain, rC+}
              (23 damage)
             ... in the Dungeon (Sprint VII: "The Pits").
             The game lasted 00:11:51 (3341 turns).

Kidiri the Severer (Green Draconian Berserker)      Turns: 3341, Time: 00:11:52

Health: -16/187    AC: 10    Str: 28    XL:     12   Next: 16%
Magic:  5/5        EV: 24    Int:  9    God:    Trog [******]
Gold:   19         SH:  0    Dex: 14    Spells: 11/11 levels left

rFire    . . .     SeeInvis .   a - +3 executioner's axe (antimagic)
rCold    . . .     Gourm    .   (shield currently unavailable)
rNeg     . . .     Faith    .   (armour unavailable)
rPois    +         Spirit   .   (helmet restricted)
rElec    +         Reflect  .   s - +0 cloak
rCorr    .         Harm     .   (no gloves)
MR       +....     NoTele   +   t - +0 pair of boots
Stlth    ..........             C - amulet of regeneration
HPRegen  0.81/turn              n - +3 ring of dexterity
MPRegen  0.09/turn              p - +3 ring of evasion

@: berserking (expiring), drained, very quick
A: breathe noxious fumes, unfitting armour, magic resistance 1, poison
resistance, electricity resistance, cold-blooded, AC +8
a: Breathe Noxious Fumes, Berserk, Trog's Hand, Brothers in Arms, Burn
Spellbooks, Renounce Religion


You were in the Dungeon.
You worshipped Trog.
Trog was exalted by your worship.
You were not hungry.

You visited 1 branch You collected 19 gold pieces.

Inventory:

Hand Weapons
 a - a +3 antimagic executioner's axe (weapon)
Missiles
 h - 5 poisoned tomahawks
 o - 8 needles of sleeping
 u - 7 javelins of penetration (quivered)
 x - 3 needles of paralysis
 D - 7 needles of frenzy
 G - 7 poisoned javelins
 H - 5 tomahawks of dispersal
Armour
 s - a +0 cloak (worn)
 t - a +0 pair of boots (worn)
Jewellery
 n - a +3 ring of dexterity (left hand)
 p - a +3 ring of evasion (right hand)
 C - an amulet of regeneration (around neck)
 F - an uncursed ring of protection from cold
Wands
 B - a wand of enslavement (13/24)
Scrolls
 j - 8 scrolls of remove curse
 k - a scroll of summoning
 v - 2 scrolls of enchant weapon
 w - a scroll of fear
 y - a scroll of blinking
 z - 2 scrolls of fog
 A - a scroll of identify
Potions
 c - 9 potions of curing
 d - 10 potions of heal wounds
 e - 2 potions of haste
 f - 4 potions of magic
 g - 6 potions of berserk rage
 i - 3 potions of invisibility
 q - 3 potions of might
 r - 4 potions of brilliance
 E - a potion of resistance
Comestibles
 b - 8 bread rations
 l - 15 fruits
 m - 7 meat rations


   Skills:
 * Level 17.2(16.6) Fighting
 * Level 17.6(17.0) Axes
 + Level 9.1(8.6) Throwing
 * Level 14.6(14.0) Dodging
 - Level 3.7(3.3) Stealth
 + Level 5.2(4.7) Evocations


You had 11 spell levels left.
You didn't know any spells.

Dungeon Overview and Level Annotations

Branches:
Dungeon (1/1)

Altars:
Ashenzari
Cheibriados
Dithmenos
Elyvilon
Fedhas
Gozag
Hepliaklqana
Kikubaaqudgha
Makhleb
Nemelex Xobeh
Okawaru
Qazlal
Ru
Sif Muna
Trog
Uskayaw
Vehumet
Wu Jian
Xom
Yredelemnul
Zin
The Shining One
Beogh
Jiyva
Lugonu

Annotations:
D exclusions: 7 doors and 5 more exclusions


Innate Abilities, Weirdness & Mutations

You can breathe blasts of noxious fumes.
Your lurid green scales are hard. (AC +8)
You cannot fit into any form of body armour.
Your system is resistant to poisons. (rPois)
You are cold-blooded and may be slowed by cold attacks.
You are resistant to hostile enchantments. (MR+)
You are resistant to electric shocks. (rElec)


Message History

* * * LOW HITPOINT WARNING * * *
You feel drained.
* * * LOW HITPOINT WARNING * * *
The hell knight casts a spell at you.
The bolt of fire hits the hell knight.
The hell knight completely resists.
The bolt of fire hits you!
* * * LOW HITPOINT WARNING * * *
The hell knight hits you with an enchanted long sword.
* * * LOW HITPOINT WARNING * * *
The hell knight gestures at you while chanting.
The puff of flame misses you.
The puff of flame hits the hell knight.
The hell knight completely resists.
You hit the hell knight.
The hell knight's magic leaks into the air.
The hell knight is heavily wounded.
You slice the hell knight!!
The hell knight's magic leaks into the air.
You closely miss the hell knight.
The hell knight hits you with the cursed +1 great sword of the Exiled Mice {drain, rC+}!!
You die...

#..#....#..#
+..........#
+..........#
#..#....#..#
#..........+
#..........+
###++####''#
###++####''#########
#.p@p..##....))..)..
#.#p##.##......)....
#.#pp .##..#########
# '))# ##..# #|%'
#..# #++##########
+)[#. #..#
........##..# ##+#.
#..# .#......##§.#
##..# ........''.§#
#%.#


You could see 5 hell knights.

Vanquished Creatures
  A death cob (D)
  A two-headed ogre (D)
  A spriggan (D)
  A hell knight (D)
  A sea snake (D)
  A spriggan druid (D)
  A shadow wraith (D)
  An unseen horror (D)
  An orc knight (D)
  An orc sorcerer (D)
  3 deep elf magi (D)
  3 slime creatures (D)
  A black mamba (D)
  2 gargoyles (D)
  A komodo dragon (D)
  2 kobold demonologists (D)
  A guardian mummy (D)
  A hornet (D)
  A shadow (D)
  A large abomination (D)
  5 redbacks (D)
  A flying skull (D)
  A ynoxinul (D)
  A neqoxec (D)
  4 vampire mosquitoes (D)
  A warg (D)
  2 water moccasins (D)
  A sky beast (D)
  A floating eye (D)
  A porcupine (D)
  A small abomination (D)
  A swamp drake (D)
  An orc warrior (D)
  A necrophage (D)
  A centaur (D)
  A big kobold (D)
  An earth elemental (D)
  10 killer bees (D)
  An iron imp (D)
  2 hounds (D)
  Ijyb (D)
  A hell rat (D)
  3 orc wizards (D)
  A worker ant (D)
  A gnoll (D)
  An adder zombie (D)
  3 worms (D)
  2 orcs (D)
  2 bat skeletons (D)
  2 giant cockroaches (D)
  A hobgoblin (D)
  3 kobolds (D)
  A quokka (D)
  A ball python (D)
87 creatures vanquished.

Vanquished Creatures (collateral kills)
  2 alligators (D)
  3 skeletal warriors (D)
  A slime creature (D)
  A bog body (D)
  A redback (D)
  A wraith (D)
  A fire elemental (D)
  5 vampire mosquitoes (D)
  An eye of draining (D)
  An orc warrior (D)
  A crocodile (D)
  A scorpion (D)
  An orc priest (D)
  A hell rat (D)
  An orc wizard (D)
  A mummy (D)
  A gnoll (D)
  2 orcs (D)
26 creatures vanquished.

Vanquished Creatures (others)
  An iron imp (D)
  An orc (D)
2 creatures vanquished.

Grand Total: 115 creatures vanquished

Notes
Turn   | Place    | Note
-------+----------+-------------------------------------------
     0 | D        | Kidiri the Draconian Berserker began the quest for the Orb.
     0 | D        | Reached XP level 1. HP: 19/19 MP: 1/1
    49 | D        | Found a bloodstained altar of Trog.
    49 | D        | Found a deep blue altar of Sif Muna.
    49 | D        | Found a viscous altar of Jiyva.
    49 | D        | Found a hazy altar of Hepliaklqana.
    49 | D        | Found an opulent altar of Gozag.
    50 | D        | Found a glowing golden altar of the Shining One.
    50 | D        | Found a glowing silver altar of Zin.
    50 | D        | Found a basalt altar of Yredelemnul.
    50 | D        | Found a shimmering altar of Xom.
    50 | D        | Found an ornate altar of the Wu Jian Council.
    50 | D        | Found a sacrificial altar of Ru.
    50 | D        | Found a stormy altar of Qazlal.
    50 | D        | Found an iron altar of Okawaru.
    50 | D        | Found a sparkling altar of Nemelex Xobeh.
    50 | D        | Found a burning altar of Makhleb.
    50 | D        | Found a blossoming altar of Fedhas.
    50 | D        | Found a white marble altar of Elyvilon.
    50 | D        | Found a shadowy altar of Dithmenos.
    50 | D        | Found a snail-covered altar of Cheibriados.
    52 | D        | Found a radiant altar of Vehumet.
    52 | D        | Found a corrupted altar of Lugonu.
    52 | D        | Found a roughly hewn altar of Beogh.
    53 | D        | Found a hide-covered altar of Uskayaw.
    53 | D        | Found an ancient bone altar of Kikubaaqudgha.
    53 | D        | Found a shattered altar of Ashenzari.
    73 | D        | Noticed a floating eye
    79 | D        | Killed a floating eye
    79 | D        | Reached ** piety under Trog
    79 | D        | Reached skill level 5 in Dodging
    79 | D        | Reached XP level 2. HP: 30/30 MP: 2/2
    79 | D        | Reached XP level 3. HP: 37/37 MP: 3/3
    79 | D        | Reached XP level 4. HP: 44/44 MP: 4/4
   300 | D        | Reached *** piety under Trog
   370 | D        | Noticed a water moccasin
   375 | D        | Reached XP level 5. HP: 51/51 MP: 5/5
   377 | D        | Killed a water moccasin
   377 | D        | Reached **** piety under Trog
   377 | D        | Reached skill level 1 in Stealth
   428 | D        | Noticed a water moccasin
   429 | D        | Noticed a sky beast
   444 | D        | Killed a water moccasin
   444 | D        | Reached XP level 6. HP: 62/62 MP: 6/6
   448 | D        | Received a gift from Trog
   453 | D        | Killed a sky beast
   453 | D        | Reached skill level 10 in Axes
   733 | D        | Noticed Ijyb
   744 | D        | Killed Ijyb
   758 | D        | Reached ***** piety under Trog
   761 | D        | Noticed a ynoxinul
   774 | D        | Killed a ynoxinul
   774 | D        | Your scales start taking on a lurid green colour.
   774 | D        | Reached XP level 7. HP: 70/70 MP: 7/7
   774 | D        | Gained mutation: Your system is resistant to poisons. (rPois) [Green Draconian growth]
   776 | D        | Noticed a flying skull
  1088 | D        | Killed a flying skull
  1088 | D        | Reached skill level 10 in Fighting
  1133 | D        | Noticed a deep elf mage
  1137 | D        | Killed a deep elf mage
  1137 | D        | Received a gift from Trog
  1137 | D        | Reached XP level 8. HP: 79/79 MP: 5/8
  1183 | D        | Gained mutation: You are resistant to electric shocks. (rElec) [potion of mutation]
  1183 | D        | Gained mutation: Your muscles are strong. (Str +2) [potion of mutation]
  1183 | D        | Lost mutation: Your muscles are strong. (Str +2) [potion of mutation]
  1183 | D        | Gained mutation: You are resistant to hostile enchantments. (MR+) [potion of mutation]
  1281 | D        | Noticed a deep elf mage
  1285 | D        | Noticed a deep elf mage
  1291 | D        | Killed a shadow wraith
  1293 | D        | Killed a deep elf mage
  1293 | D        | Received a gift from Trog
  1293 | D        | Reached XP level 9. HP: 48/89 MP: 3/9
  1298 | D        | Killed a deep elf mage
  1298 | D        | Reached skill level 10 in Dodging
  1546 | D        | Received a gift from Trog
  1547 | D        | Killed an unseen horror
  1547 | D        | Reached ****** piety under Trog
  1547 | D        | Reached skill level 5 in Throwing
  1547 | D        | Reached XP level 10. HP: 69/100 MP: 3/10
  1843 | D        | Noticed a sea snake
  1853 | D        | Killed a sea snake
  1867 | D        | Received a gift from Trog
  1867 | D        | Reached skill level 15 in Axes
  2234 | D        | Received a gift from Trog
  2238 | D        | Noticed a two-headed ogre
  2246 | D        | Received a gift from Trog
  2247 | D        | Killed a two-headed ogre
  2497 | D        | Received a gift from Trog
  2545 | D        | Noticed a gargoyle
  2545 | D        | Noticed a skeletal warrior
  2546 | D        | Noticed a skeletal warrior
  2546 | D        | Noticed a skeletal warrior
  2548 | D        | Received a gift from Trog
  2551 | D        | Reached skill level 15 in Fighting
  2552 | D        | Reached XP level 11. HP: 112/112 MP: 3/11
  2553 | D        | Received a gift from Trog
  2553 | D        | Killed a skeletal warrior
  2555 | D        | Killed a skeletal warrior
  2555 | D        | Received a gift from Trog
  2560 | D        | Killed a skeletal warrior
  2716 | D        | Received a gift from Trog
  2716 | D        | Received a gift from Trog
  2973 | D        | Noticed an orc sorcerer
  2977 | D        | Noticed an orc knight
  2978 | D        | Killed an orc sorcerer
  2979 | D        | Noticed a spriggan rider
  2984 | D        | Reached skill level 1 in Evocations
  2985 | D        | Killed a spriggan rider
  2985 | D        | Received a gift from Trog
  2986 | D        | Killed an orc knight
  2992 | D        | Received a gift from Trog
  3091 | D        | Noticed an alligator
  3093 | D        | Noticed an alligator
  3100 | D        | Received a gift from Trog
  3101 | D        | Killed an alligator
  3104 | D        | Killed an alligator
  3150 | D        | Received a gift from Trog
  3164 | D        | Received a gift from Trog
  3166 | D        | Got a twisted hand axe {god gift}
  3167 | D        | Identified the +3 hand axe of Qonen {chop, rElec rC- Str+8} (Trog gifted it to you in the Dungeon)
  3327 | D        | Noticed a death cob
  3327 | D        | Noticed a spriggan druid
  3327 | D        | Noticed a hell knight
  3327 | D        | Noticed a hell knight
  3327 | D        | Noticed a hell knight
  3327 | D        | Noticed a hell knight
  3327 | D        | Noticed a hell knight
  3327 | D        | Noticed a hell knight
  3333 | D        | Killed a death cob
  3333 | D        | Reached XP level 12. HP: 125/125 MP: 5/15
  3335 | D        | Reached skill level 5 in Evocations
  3339 | D        | Received a gift from Trog
  3339 | D        | Received a gift from Trog
  3340 | D        | HP: 7/187 [hell knight/enchanted long sword (4)]
  3341 | D        | Identified the cursed +1 great sword of the Exiled Mice {drain, rC+}
  3341 | D        | Demolished by a hell knight

Vault maps used:
D:        pitsprint

Skill      XL: |  1  2  3  4  5  6  7  8  9 10 11 12 |
---------------+-------------------------------------+-----
Dodging        | 5 6 7 8 9 11 12 14 | 14.6
Fighting       | 6 8 9 10 11 13 15 17 | 17.2
Axes           | 6 7 9 11 12 13 14 15 17 | 17.6
Stealth        | 1 2 3 |  3.7
Throwing       | 3 5 7 8 9 |  9.1
Evocations     | 4 5 |  5.2

Action                   |  1- 3 |  4- 6 |  7- 9 | 10-12 || total
-------------------------+-------+-------+-------+-------++-------
Melee: Hand axe          |    10 |    63 |    22 |       ||    95
       Tailslap          |     2 |     8 |     9 |    17 ||    36
       Executioner's axe |       |       |    21 |   116 ||   137
Invok: Berserk           |       |     3 |     4 |     8 ||    15
       Brothers in Arms  |       |       |     1 |     5 ||     6
       Burn Spellbooks   |       |       |       |     1 ||     1
 Abil: Breathe Noxious F |       |       |       |     1 ||     1
  Use: Scroll            |       |       |     1 |       ||     1
       Potion            |       |       |     1 |     1 ||     2
 Stab: Sleeping          |       |     3 |       |       ||     3
  Eat: Chunk             |       |     1 |     2 |     2 ||     5
       Fruit             |       |       |    14 |    11 ||    25
Armor: Skin              |       |    14 |    17 |    20 ||    51
Dodge: Dodged            |     6 |    45 |    40 |   176 ||   267

Table legend:
 A = Spawn XP
 B = Non-spawn XP
 C = Spawn XP percentage of total XP
 D = Spawn monster count
 E = Non-spawn monster count
 F = Spawn count percentage of total count
 G = Total turns spent on level
                    A         B        C        D         E        F      G
               +---------+---------+-------+---------+---------+-------+---------
         Total |       0 |   24447 |   0.0 |       0 |     114 |   0.0 |  3341
               +---------+---------+-------+---------+---------+-------+---------
             D |       0 |   24447 |   0.0 |       0 |     114 |   0.0 |  3341
               +---------+---------+-------+---------+---------+-------+---------
